 Dungeon Crawl Stone Soup version bcrawl-1.18.1 (webtiles) character file.

Game seed: 9216281633526002334

1310 Revguard the Cudgeler (level 8, -3/81 HPs)
             Began as a Troll Berserker on Nov 8, 2019.
             Was a Priest of Trog.
             Slain by an orc warrior
             ... wielding a +0 hand axe
              (18 damage)
             ... on level 4 of the Dungeon.
             The game lasted 00:09:53 (3905 turns).

Revguard the Cudgeler (Troll Berserker)             Turns: 3905, Time: 00:09:53

Health: -3/81      AC:  7    Str: 26    XL:     8   Next: 32%
Magic:  7/7        EV: 11    Int:  4    God:    Trog [***...]
Gold:   262        SH:  0    Dex: 11    Spells: 7/7 levels left

rFire    . . .     SeeInvis .   a - +0 mace
rCold    . . .     Gourm    +   (no shield)
rNeg     . . .     Faith    .   (armour unavailable)
rPois    .         Spirit   .   (helmet restricted)
rElec    .         Reflect  .   (no cloak)
rCorr    .         Harm     .   (gloves unavailable)
MR       ++...                  (boots unavailable)
Stlth    +.........             (no amulet)
HPRegen  1.63/turn              (no ring)
MPRegen  0.10/turn              (no ring)

@: berserk cooldown, regenerating, slowed, very slow
A: large, almost no armour, unfitting armour, claws 3, fast metabolism 3,
gourmand, regeneration 1, AC +7
a: Berserk, Trog's Hand, Renounce Religion


You were on level 4 of the Dungeon.
You worshipped Trog.
Trog was most pleased with you.
You were very full.

You visited 1 branch of the dungeon, and saw 4 of its levels.
You also visited: Sewer.

You collected 262 gold pieces.

Inventory:

Hand Weapons
 a - a +0 mace (weapon)
Jewellery
 h - a +5 ring of strength {unknown}
Wands
 m - a wand of polymorph (8)
Scrolls
 c - 6 scrolls of blinking
 d - 5 scrolls of teleportation
 f - 2 scrolls of remove curse
 l - 2 scrolls of noise
 n - a scroll of fear
 o - a scroll of fog
Potions
 e - 3 potions of magic
 g - a potion of brilliance {unknown}
 i - 3 potions of heal wounds
 j - 2 potions of curing
Comestibles
 b - 8 rations {!d}
 k - 11 chunks of flesh


   Skills:
 * Level 5.6 Fighting
 + Level 7.3 Maces & Flails
 + Level 4.5 Dodging


You had 7 spell levels left.
You didn't know any spells.
Your spell library was empty.

Dungeon Overview and Level Annotations

Branches:
Dungeon (4/12)
 Temple: D:4-7

Altars:
Zin


Innate Abilities, Weirdness & Mutations

You cannot wear most types of armour.
Your thick skin is tough. (AC +7)
You are too large for most types of armour.
You have claws for hands.
Your metabolism is lightning-fast.
You like to eat raw meat.
Your natural rate of healing is unusually fast.


Message History

The orc priest is lightly wounded.
The orc hits you with a +0 hand axe.
The orc priest hits you but does no damage.
The orc warrior hits you with a +0 hand axe!
* * * LOW HITPOINT WARNING * * *
The orc hits you with a +0 hand axe.
* * * LOW HITPOINT WARNING * * *
You hit the orc priest.
The orc priest is moderately wounded.
The orc priest hits you with a +0 mace.
* * * LOW HITPOINT WARNING * * *
The orc warrior closely misses you.
An orc wizard comes into view. It is wielding a +0 dagger.
The orc misses you. The orc priest hits you with a +0 mace.
* * * LOW HITPOINT WARNING * * *
The orc wizard shouts!
You hit the orc priest but do no damage.
The orc priest is moderately wounded.
The orc warrior hits you with a +0 hand axe!!
You die...

####.### #..#...#
#....#.# ### #
##.#.o#># ##รท##
..####..#....####
#...# .....
#..#.[)..# #<#.#
#..##)###[.#.##
#.#.# #.)o.#
##..).###.#.#
###@o#
##.#.#...#.#
#)o.# #.....###.#
##..# #.........#
#..# #..#####...
#..# #..# .# #...
#..# # .#.p #..#
.##..... #.


You could see an orc warrior, an orc priest, an orc wizard, an orc and a neutral
freed slave (wandering).

Vanquished Creatures
  Pikel (D:4)
  A slave (D:4)
  A crimson imp (D:3)
  6 orc priests
  2 orc wizards (D:2)
  Ijyb (D:3)
  Robin (D:3)
  3 gnolls (D:3)
  4 adders (D:3)
  A river rat (Sewer)
  3 worms
  5 dart slugs
  7 leopard geckos
  13 orcs
  6 ball pythons
  3 giant cockroaches
  12 goblins
  14 hobgoblins
  7 jackals
  2 quokkas (D:3)
  3 bats
  12 frilled lizards
  8 kobolds
  19 rats
135 creatures vanquished.

Vanquished Creatures (collateral kills)
  A tengu warrior (D:3)
  The ghost of Banto the Insei, an amateur OpTm (D:3)
  A bat (D:3)
3 creatures vanquished.

Vanquished Creatures (others)
  2 slaves (D:4)
  2 orcs (D:4)
4 creatures vanquished.

Grand Total: 142 creatures vanquished

Notes
Turn   | Place    | Note
-------+----------+-------------------------------------------
     0 | D:1      | Revguard the Troll Berserker began the quest for the Orb.
     0 | D:1      | Reached XP level 1. HP: 22/22 MP: 0/0
   151 | D:1      | Reached XP level 2. HP: 18/29 MP: 1/1
   716 | D:1      | Reached ** piety under Trog
   887 | D:1      | Reached XP level 3. HP: 30/36 MP: 2/2
  1144 | D:2      | Reached skill level 4 in Maces & Flails
  1144 | D:2      | Gained mutation: Your natural rate of healing is unusually
                  | fast. [Troll growth]
  1144 | D:2      | Reached XP level 4. HP: 40/45 MP: 3/3
  1266 | D:2      | Reached XP level 5. HP: 52/53 MP: 4/4
  2157 | D:2      | Reached *** piety under Trog
  2403 | D:3      | Noticed a tengu warrior
  2406 | D:3      | Noticed Banto's ghost (amateur OpTm)
  2515 | D:3      | Reached skill level 5 in Maces & Flails
  2558 | D:3      | Noticed Ijyb
  2568 | D:3      | Killed Ijyb
  2676 | D:3      | Reached XP level 6. HP: 62/62 MP: 5/5
  2740 | D:3      | Found a glowing drain.
  2744 | Sewer    | Entered a sewer
  3205 | D:3      | Reached **** piety under Trog
  3224 | D:3      | Found a glowing silver altar of Zin.
  3272 | D:3      | Found a transporter.
  3277 | D:3      | Found a transporter.
  3515 | D:3      | Noticed Robin
  3527 | D:3      | Found a faded altar of an unknown god.
  3530 | D:3      | Killed Robin
  3782 | D:3      | Killed Banto's ghost
  3785 | D:3      | Killed a tengu warrior
  3785 | D:3      | Reached skill level 6 in Maces & Flails
  3785 | D:3      | Reached XP level 7. HP: 71/71 MP: 6/6
  3869 | D:4      | Noticed Pikel
  3887 | D:4      | Killed Pikel
  3887 | D:4      | Reached skill level 5 in Fighting
  3887 | D:4      | Reached skill level 7 in Maces & Flails
  3887 | D:4      | Reached XP level 8. HP: 47/81 MP: 7/7
  3899 | D:4      | HP: 1/81 [orc priest/divine providence (14)]
  3905 | D:4      | Slain by an orc warrior

Skill      XL: |  1  2  3  4  5  6  7 |
---------------+----------------------+-----
Fighting       | 3 4 5 |  5.6
Maces & Flails | 4 5 6 7 |  7.3
Dodging        | 3 4 |  4.5

Action                   |  1- 3 |  4- 6 |  7- 9 || total
-------------------------+-------+-------+-------++-------
Melee: Mace              |   107 |   312 |    50 ||   469
Invok: Berserk           |       |     4 |     1 ||     5
       Trog's Hand       |       |     2 |     2 ||     4
       Brothers in Arms  |       |     1 |       ||     1
  Use: Scroll            |       |    11 |       ||    11
       Potion            |       |       |     2 ||     2
 Stab: Sleeping          |     1 |     2 |       ||     3
  Eat: Chunk             |    13 |    20 |     3 ||    36
Armor: Skin              |    37 |   132 |    17 ||   186
Dodge: Dodged            |    48 |   199 |    29 ||   276
